 Dungeon Crawl Stone Soup version 0.31-a0-1278-g11c5b68f87 (webtiles) character file.

Game seed: 11648212501175763444

249 timneilson the Ruffian (level 6, -1/41 HPs)
             Began as an Octopode Shapeshifter on Dec 17, 2023.
             Succumbed to an adder's poison
             ... in a sewer.
             The game lasted 00:05:19 (2820 turns).

timneilson the Ruffian (Octopode Shapeshifter)      Turns: 2820, Time: 00:05:19

Health: -1/41      AC:  1    Str: 15    XL:     6   Next: 12%
Magic:  6/6        EV: 13    Int: 13    God:
Gold:   198        SH:  0    Dex: 11    Spells: 5/5 levels left

rFire   . .          .
                       - Unarmed
rCold   . . .        (no shield)
rNeg    . . .        (helmet currently unavailable)
rPois   .            (no amulet)
rElec   .            (no ring)
rCorr   .            (no ring)
SInv    .            (no ring)
Will    .....        (no ring)
Stlth   +++          (no ring)
HPRegen 0.26/turn    (no ring)
MPRegen 0.10/turn    (no ring)
                     (no ring)

%: no passive effects
@: lethally poisoned (-1 -> -9), beast-form
A: beast (slay +2), almost no armour, amphibious, 8 rings, camouflage 1,
gelatinous body 1, (nimble swimmer 1), tentacles
a: Begin Untransformation


You were in a sewer.
You were a hulking beast.
You visited 1 branch of the dungeon, and saw 4 of its levels.
You also visited: Sewer.

You collected 198 gold pieces.

Inventory:

Jewellery
 e - a ring of protection from fire
Talismans
 b - a beast talisman
 c - a flux talisman
Wands
 k - a wand of light (5)
Scrolls
 f - a scroll of amnesia
 i - a scroll of teleportation
Potions
 g - 2 potions of enlightenment
 j - a potion of resistance


   Skills:
 * Level 2.7 Fighting
 * Level 3.4 Dodging
 + Level 2.4 Stealth
 * Level 4.0 Unarmed Combat
 * Level 3.9 Shapeshifting


You had 5 spell levels left.
You didn't know any spells.
Your spell library contained the following spells:

 Spells                   Type           Power      Damage    Failure   Level
 Shock                    Conj/Air       0%         1d3       30%         1
 Poisonous Vapours        Pois/Air       0%         N/A       43%         2
 Mephitic Cloud           Conj/Pois/Air  0%         N/A       67%         3
 Swiftness                Air            0%         N/A       67%         3
 Airstrike                Air            0%         2d(0-16)  97%         4
 Freezing Cloud           Conj/Ice/Air   0%         6-21      100%        5
 Iskenderun's Battlesphe  Conj           0%         2d6       100%        5
 Bombard                  Conj/Erth      0%         9d1       100%        6
 Spellforged Servitor     Conj/Summ      0%         N/A       100%        7


Dungeon Overview and Level Annotations

Branches:
Dungeon (4/15)              Sewer (1/1)
 Temple: D:4-7

Altars:

Shops:
D:1 =

Annotations:
D:4 Menkaure


Innate Abilities, Weirdness & Mutations

You are a hulking beast.
Your limbs bulge with bestial killing power. (Slay +2)
You cannot wear most types of armour.
You are amphibious.
You can wear up to eight rings at the same time.
Your skin changes colour to match your surroundings (Stealth+).
Your rubbery body absorbs attacks. (AC +1, EV +1)
((You are camouflaged when in or above water. (Stealth+)))
You have tentacles for arms and can constrict up to eight enemies at once.


Message History

You closely miss the river rat. You grab the river rat.
You tentacle-slap the river rat. You squeeze the river rat!
You kill the river rat!
A rat comes into view.
The rat squeaks loudly.
You tentacle-slap the rat.
You kill the rat!
The adder barely misses you.
You barely miss the adder. Your grab misses the adder.
The adder closely misses you.
You miss the adder. Your grab misses the adder. The adder bites you.
You are poisoned.
The adder poisons you! The adder bites you.
You miss the adder. Your grab misses the adder. Your squeeze misses the adder.
You feel sick. The adder bites you.
You barely miss the adder. Your grab misses the adder.
You feel sick. The adder bites you.
* * * LOW HITPOINT WARNING * * *
You miss the adder. Your grab misses the adder.
You feel sick. The adder bites you.
* * * LOW HITPOINT WARNING * * *
You are more poisoned.
The adder poisons you!
You barely miss the adder. Your grab misses the adder.
You squeeze the adder, but do no damage.
You feel sick. The adder bites you.
* * * LOW HITPOINT WARNING * * *
The adder bites you.
* * * LOW HITPOINT WARNING * * *
You are more poisoned.
The adder poisons you!
You closely miss the adder. You grab the adder. You constrict the adder.
* * * LOW HITPOINT WARNING * * *
You feel sick. The adder barely misses you.
Unknown command.
Okay, then.
You barely miss the adder.
The adder is lightly wounded.
You constrict the adder.
You die...

## . .# #.# ##†## #h#.#
######S###############
~!.~S.~~~.....~~~~~~~~.
~!..~.......~~~~~~~~~~~
#######################


You could see an adder.

Vanquished Creatures
  A jelly (D:4)
  An orc priest (D:4)
  9 adders
  A river rat (Sewer)
  5 worms (D:4)
  5 dart slugs
  3 orcs (D:4)
  10 bats
  3 giant cockroaches
  9 hobgoblins
  4 jackals (D:1)
  2 quokkas
  4 ball pythons
  A frilled lizard (D:2)
  4 goblins
  8 kobolds
  9 rats
79 creatures vanquished.

Notes
Turn   | Place    | Note
-------+----------+-------------------------------------------
     0 | D:1      | timneilson the Octopode Shapeshifter began the quest for
                  | the Orb.
     0 | D:1      | Reached XP level 1. HP: 13/13 MP: 1/1
   118 | D:1      | Reached XP level 2. HP: 18/18 MP: 2/2
   218 | D:1      | Reached skill level 1 in Stealth
   452 | D:1      | Found a transporter.
   452 | D:1      | Found Zablos's Jewellery Shop.
   553 | D:1      | Found a transporter.
   557 | D:1      | Reached XP level 3. HP: 16/23 MP: 3/3
  1818 | D:3      | Reached XP level 4. HP: 29/29 MP: 4/4
  2019 | D:2      | Identified the +1 leather armour "Puoklof" {Harm}
  2274 | D:3      | Reached XP level 5. HP: 32/34 MP: 5/5
  2610 | D:4      | Noticed Menkaure
  2682 | D:4      | HP: 2/52 [acid (5)]
  2683 | D:4      | Reached skill level 4 in Unarmed Combat
  2740 | D:4      | Reached XP level 6. HP: 3/41 MP: 6/6
  2771 | D:4      | Found a glowing drain.
  2778 | Sewer    | Entered a sewer
  2819 | Sewer    | HP: 1/41 [poisoned by an adder]
  2820 | Sewer    | Succumbed to an adder's poison

Illustrated notes

Levels and vault maps discovered:
D:1:      dpeg_arrival_rhombus, layout_basic, serial_shops,
          nicolae_shop_drivethru, minmay_vboxes
D:2:      layout_basic
D:3:      layout_basic
D:4:      layout_rooms, lightli_sewer_entry_pipes,
          mainiacjoe_ossuary_entry_find_the_door, uniq_eustachio, uniq_menkaure
Sewer:    sewer_co_cracked_pipes

Skill      XL: |  1  2  3  4  5 |
---------------+----------------+-----
Stealth        | 1 2 |  2.4
Fighting       | 2 |  2.7
Dodging        | 3 |  3.4
Unarmed Combat | 4 |  4.0
Shapeshifting  | |  3.9

Action                     |  1- 3 |  4- 6 || total
---------------------------+-------+-------++-------
  Melee: Unarmed           |    53 |    84 ||   137
         Constrict         |    16 |    16 ||    32
         Tentacles         |    13 |    13 ||    26
         Punch             |     1 |     3 ||     4
    Use: Scroll            |     6 |     2 ||     8
         Potion            |       |     1 ||     1
   Stab: Sleeping          |    12 |    13 ||    25
 Armour: Skin              |    18 |    33 ||    51
  Dodge: Dodged            |    24 |    32 ||    56

Table legend: (Time is in decaauts)
 A = Elapsed time spent in this place.
 B = Non-inter-level travel time spent in this place.
 C = Inter-level travel time spent in this place.
 D = Time resting spent in this place.
 E = Time spent auto-exploring this place.
 F = Levels seen in this place.
 G = Mean time per level.
                   A        B        C        D        E       F      G
               +--------+--------+--------+--------+--------+-----+--------+
         Total |   2810 |   2595 |    215 |    184 |   1789 |   5 |  562.0 |
       Dungeon |   2769 |   2554 |    215 |    184 |   1789 |   4 |  692.2 |
         Sewer |     40 |     40 |      0 |      0 |      0 |   1 |   40.0 |
               +--------+--------+--------+--------+--------+-----+--------+

Top non-repeatable levels by time:
     D:2: 1050 daAuts
     D:1: 912 daAuts
     D:3: 675 daAuts
     D:4: 131 daAuts
   Sewer: 40 daAuts
